[Event "Niedersachsen-ch Meister 2024"]
[Site "Verden Aller"]
[Date "2024.01.07"]
[Round "7.5"]
[White "Laubsch, Bernd"]
[Black "Polster, Christian"]
[Result "0-1"]
[ECO "B01"]
[WhiteElo "2259"]
[BlackElo "2244"]
[Annotator "RC"]
[PlyCount "122"]
[EventDate "2024.01.01"]
[EventType "swiss"]
[EventCountry "GER"]
[SourceTitle "playchess.com"]
[Source "ChessBase"]
[SourceQuality "1"]
[TimeControl "40/5400+30:1800+30"]

1. e4 g6 2. d4 Bg7 3. Nf3 d5 4. exd5 Qxd5 5. Nc3 Qd8 6. Bc4 Nh6 7. Bf4 Nf5 8. Be5 O-O 9. O-O Nd7 10. Bxg7 Kxg7 11. Re1 Nb6 12. Bb3 a5 13. a4 c6 14. Qe2 Kg8 15. Rad1 Nd5 16. Nxd5 cxd5 17. h3 e6 18. c3 Bd7 19. Ne5 Nd6 20. h4 Be8 21. h5 g5 22. Ng4 Ne4 23. Bc2 f5 24. f3 Bxh5 25. Nh2 Nd6 26. Qxe6+ Bf7 27. Qe2 Re8 28. Qf2 Qf6 29. Nf1 f4 30. Re5 Rxe5 31. dxe5 Qxe5 32. Re1 Qf6 33. Qc5 Nc4 34. b3 b6 35. Qc7 Qd6 36. Bxh7+ Kg7 37. Re7 Qxc7 38. Rxc7 Nd6 39. Bc2 Rc8 40. Rxc8 Nxc8 41. Kf2 Kf6 42. g3 Nd6 43. Nd2 Ke5 44. gxf4+ gxf4 45. Ke2 d4 46. Nb1 dxc3 47. Nxc3 Nf5 48. Bxf5 Kxf5 49. Ne4 Ke5 50. Nd2 Kd4 51. Kd1 Kd3 52. Kc1 Bd5 53. Kd1 Bg8 54. Kc1 Be6 55. Kd1 Bd5 56. Kc1 Kc3 57. Kd1 Bxb3+ 58. Ke2 Bxa4 59. Ne4+ Kc2 60. Nd6 Bd7 61. Nc4 Bb5 0-1

[Event "Niedersachsen-ch Meister 2024"]
[Site "Verden Aller"]
[Date "2024.01.07"]
[Round "7.6"]
[White "Mueer, Sebastian"]
[Black "Riemay, David"]
[Result "1/2-1/2"]
[ECO "E06"]
[WhiteElo "2189"]
[BlackElo "2213"]
[Annotator "RC"]
[PlyCount "83"]
[EventDate "2024.01.01"]
[EventType "swiss"]
[EventCountry "GER"]
[SourceTitle "playchess.com"]
[Source "ChessBase"]
[SourceQuality "1"]
[TimeControl "40/5400+30:1800+30"]

1. d4 Nf6 2. c4 e6 3. Nf3 d5 4. g3 Be7 5. Bg2 Ne4 6. O-O f5 7. Nc3 c6 8. Qc2 Nd7 9. Be3 O-O 10. Rad1 Qe8 11. Bf4 g5 12. Bc7 Qh5 13. Ne5 Rf6 14. g4 Qh4 15. Rd3 fxg4 16. Nxe4 dxe4 17. Rg3 Nxe5 18. Bxe5 Rh6 19. h3 Qh5 20. Rxg4 Bd7 21. Qxe4 Be8 22. f4 Bg6 23. Qe3 Bf5 24. fxg5 Rg6 25. Rg3 Bxg5 26. Bf4 Bf6 27. Kh2 Rd8 28. Be5 Bg5 29. Qf3 Qxf3 30. Bxf3 Be3 31. d5 cxd5 32. cxd5 exd5 33. Bxd5+ Rxd5 34. Rxe3 Bd7 35. Bf4 Bc6 36. Rg1 Kf7 37. Rxg6 Kxg6 38. Kg3 Rd1 39. Re6+ Kf5 40. Re5+ Kf6 41. Ra5 a6 42. Rh5 1/2-1/2

[Event "Niedersachsen-ch Meister 2024"]
[Site "Verden Aller"]
[Date "2024.01.07"]
[Round "7.7"]
[White "von Mettenheim, Johannes"]
[Black "Heinemann, Ernst"]
[Result "1-0"]
[ECO "A57"]
[WhiteElo "2284"]
[BlackElo "2033"]
[Annotator "RC"]
[PlyCount "49"]
[EventDate "2024.01.01"]
[EventType "swiss"]
[EventCountry "GER"]
[SourceTitle "playchess.com"]
[Source "ChessBase"]
[SourceQuality "1"]
[TimeControl "40/5400+30:1800+30"]

1. d4 Nf6 2. c4 c5 3. d5 b5 4. cxb5 a6 5. e3 axb5 6. Bxb5 Qa5+ 7. Nc3 Bb7 8. Bd2 Qb6 9. Nf3 Nxd5 10. a4 Nb4 11. O-O e6 12. e4 Be7 13. Ne5 O-O 14. Bf4 d5 15. exd5 exd5 16. Qg4 Bf6 17. Qg3 d4 18. Nc4 Qd8 19. Bc7 Bh4 20. Bxd8 Bxg3 21. Be7 dxc3 22. fxg3 Nc2 23. Rad1 Nc6 24. Bxf8 Kxf8 25. Rd7 1-0

[Event "Niedersachsen-ch Meister 2024"]
[Site "Verden Aller"]
[Date "2024.01.07"]
[Round "7.8"]
[White "Bargsten, Justus"]
[Black "Evering, Soeren"]
[Result "1-0"]
[ECO "E04"]
[WhiteElo "2216"]
[BlackElo "2034"]
[Annotator "RC"]
[PlyCount "119"]
[EventDate "2024.01.01"]
[EventType "swiss"]
[EventCountry "GER"]
[SourceTitle "playchess.com"]
[Source "ChessBase"]
[SourceQuality "1"]
[TimeControl "40/5400+30:1800+30"]

1. d4 Nf6 2. c4 e6 3. g3 d5 4. Bg2 Bb4+ 5. Nd2 O-O 6. Ngf3 dxc4 7. Qc2 a5 8. a3 Be7 9. Nxc4 b6 10. Bf4 Nd5 11. Bd2 Bb7 12. O-O Nf6 13. Rad1 Nbd7 14. Nce5 Be4 15. Qa4 Qe8 16. Bg5 Nxe5 17. Qxe8 Rfxe8 18. Nxe5 Bxg2 19. Kxg2 Nd5 20. Bxe7 Nxe7 21. Rc1 f6 22. Nd3 c6 23. Rc3 Red8 24. e3 Kf7 25. Rfc1 Ke8 26. b3 Kd7 27. Nb2 Kc7 28. h4 Kb7 29. Nd3 Rd6 30. g4 Rf8 31. Nb2 h5 32. g5 fxg5 33. hxg5 Rf5 34. f4 b5 35. Kf3 Rf8 36. Nd3 Rc8 37. Rc5 Nd5 38. a4 Nc7 39. axb5 Nxb5 40. Re5 Kb6 41. Nc5 Nc7 42. g6 Rd5 43. Rh1 Rxe5 44. fxe5 Rf8+ 45. Ke4 Rh8 46. Kf4 Rf8+ 47. Kg5 Rf5+ 48. Kh4 Rf3 49. Rh3 Rf5 50. Nd7+ Kb5 51. Nf6 Nd5 52. Nxh5 Ne7 53. Rg3 Rf8 54. e4 Rd8 55. Nxg7 Rxd4 56. Kg5 Rxe4 57. Kf6 Nd5+ 58. Kxe6 Nf4+ 59. Kf5 Rd4 60. Ne6 1-0

[Event "Niedersachsen-ch Meister 2024"]
[Site "Verden Aller"]
[Date "2024.01.07"]
[Round "7.9"]
[White "Sauer, Tim"]
[Black "Bennemann, Ingmar"]
[Result "0-1"]
[ECO "D85"]
[WhiteElo "2126"]
[BlackElo "1971"]
[Annotator "RC"]
[PlyCount "84"]
[EventDate "2024.01.01"]
[EventType "swiss"]
[EventCountry "GER"]
[SourceTitle "playchess.com"]
[Source "ChessBase"]
[SourceQuality "1"]
[TimeControl "40/5400+30:1800+30"]

1. d4 Nf6 2. c4 g6 3. Nc3 d5 4. cxd5 Nxd5 5. Bd2 Bg7 6. e4 Nxc3 7. Bxc3 Nd7 8. Bc4 c5 9. Ne2 O-O 10. O-O cxd4 11. Bxd4 Ne5 12. Bb3 Nc6 13. Bxg7 Kxg7 14. Qc1 e5 15. Bd5 Bg4 16. f3 Bd7 17. Qe3 Rc8 18. a3 b6 19. Rac1 Qf6 20. Qb3 Qg5 21. Kh1 Nd4 22. Qd3 Nxe2 23. Rxc8 Nf4 24. Qd2 Rxc8 25. g3 Ne6 26. f4 exf4 27. gxf4 Qf6 28. f5 Bc6 29. Bxc6 Rxc6 30. Qg2 Nd4 31. fxg6 Qxg6 32. Qxg6+ hxg6 33. Rd1 Ne6 34. Rd7 Rc7 35. Rd2 Kf6 36. Kg2 Ke5 37. Kf3 Ng5+ 38. Ke3 Nxe4 39. Rd8 Nf6 40. Rf8 Re7 41. b3 Ke6 42. h3 Re8 0-1

[Event "Niedersachsen-ch Meister 2024"]
[Site "Verden Aller"]
[Date "2024.01.07"]
[Round "7.10"]
[White "Reimer, Philip"]
[Black "Mimkes, Antal"]
[Result "0-1"]
[ECO "B22"]
[WhiteElo "2152"]
[BlackElo "1823"]
[Annotator "RC"]
[PlyCount "120"]
[EventDate "2024.01.01"]
[EventType "swiss"]
[EventCountry "GER"]
[SourceTitle "playchess.com"]
[Source "ChessBase"]
[SourceQuality "1"]
[TimeControl "40/5400+30:1800+30"]

1. e4 c5 2. Nf3 Nc6 3. c3 Nf6 4. e5 Nd5 5. Bc4 Nb6 6. Bb3 d6 7. exd6 exd6 8. d4 cxd4 9. Nxd4 d5 10. O-O Bd6 11. Re1+ Ne7 12. a4 O-O 13. a5 Nc4 14. Bxc4 dxc4 15. Bg5 f6 16. Bh4 Ng6 17. Bg3 Bxg3 18. hxg3 Ne5 19. Qc2 Re8 20. Nd2 Bg4 21. f4 Nc6 22. Nxc6 bxc6 23. Nxc4 Qd7 24. Ne3 Bh5 25. f5 Re5 26. g4 Rae8 27. Qf2 Bf7 28. Nc2 h6 29. Nd4 Bc4 30. Rxe5 Rxe5 31. b3 Bf7 32. b4 Re4 33. Qg3 Rxd4 34. cxd4 Qxd4+ 35. Kh2 Qxa1 36. Qb8+ Kh7 37. Qxa7 Qe5+ 38. Kg1 Bc4 39. Qf2 Bd5 40. Qd2 Qa1+ 41. Kf2 Qh1 42. Kg3 Qf1 43. Kh2 Bc4 44. Kg3 Qb1 45. Qc3 Qa2 46. Kh2 Bd5 47. Qg3 Qd2 48. a6 Qa2 49. g5 hxg5 50. Kg1 Qa1+ 51. Kf2 Qxa6 52. Qh2+ Kg8 53. Qb8+ Kf7 54. Qc7+ Ke8 55. Qxg7 Qa2+ 56. Ke3 Qb3+ 57. Ke2 Qc2+ 58. Ke3 Qe4+ 59. Kd2 Qxg2+ 60. Kc3 Qf3+ 0-1

[Event "Niedersachsen-ch Meister 2024"]
[Site "Verden Aller"]
[Date "2024.01.07"]
[Round "7.11"]
[White "Bundan, Edward"]
[Black "Hans, Julian"]
[Result "0-1"]
[ECO "C01"]
[WhiteElo "1706"]
[BlackElo "1925"]
[Annotator "RC"]
[PlyCount "76"]
[EventDate "2024.01.01"]
[EventType "swiss"]
[EventCountry "GER"]
[SourceTitle "playchess.com"]
[Source "ChessBase"]
[SourceQuality "1"]
[TimeControl "40/5400+30:1800+30"]

1. e4 e6 2. d4 d5 3. Bd3 dxe4 4. Bxe4 Nf6 5. Bf3 c5 6. Ne2 Nc6 7. c3 cxd4 8. Nxd4 Nxd4 9. Qxd4 Qxd4 10. cxd4 Nd5 11. a3 Bd7 12. Nc3 Bc6 13. Nxd5 Bxd5 14. Bxd5 exd5 15. O-O Bd6 16. Bd2 Kd7 17. Rfe1 Rhe8 18. g3 Rxe1+ 19. Rxe1 Re8 20. Rxe8 Kxe8 21. f4 Kd7 22. Kf2 Kc6 23. Ke3 Kb5 24. Kd3 a5 25. Kc3 a4 26. Be1 Bc7 27. Kd3 f5 28. Bd2 Ba5 29. Bxa5 Kxa5 30. Kc3 b6 31. h3 h5 32. Kd3 b5 33. Kc2 b4 34. h4 Kb5 35. Kd3 g6 36. Kd2 bxa3 37. bxa3 Kc4 38. Ke3 Kc3 0-1

[Event "Niedersachsen-ch Meister 2024"]
[Site "Verden Aller"]
[Date "2024.01.07"]
[Round "7.12"]
[White "Aden, Tammo"]
[Black "Renner, Kai"]
[Result "1-0"]
[ECO "A83"]
[WhiteElo "2025"]
[BlackElo "2153"]
[Annotator "RC"]
[PlyCount "52"]
[EventDate "2024.01.01"]
[EventType "swiss"]
[EventCountry "GER"]
[SourceTitle "playchess.com"]
[Source "ChessBase"]
[SourceQuality "1"]
[TimeControl "40/5400+30:1800+30"]

1. d4 f5 2. e4 fxe4 3. Nc3 Nf6 4. Bg5 Nc6 5. d5 Ne5 6. Qd4 Nf7 7. Bxf6 exf6 8. O-O-O Be7 9. Qxe4 Nd6 10. Qf3 O-O 11. Bd3 f5 12. Nge2 a6 13. g4 Bh4 14. gxf5 Nxf5 15. d6 Nxd6 16. Qd5+ Kh8 17. Rhg1 Bxf2 18. Rg2 Ne8 19. Ne4 Be3+ 20. Kb1 Bh6 21. Qh5 Nf6 22. Nxf6 Rxf6 23. Nc3 d6 24. Ne4 Rf4 25. Ng5 Qe7 26. Re2 Be6 1-0

[Event "Niedersachsen-ch Meister 2024"]
[Site "Verden Aller"]
[Date "2024.01.07"]
[Round "7.13"]
[White "Muecke, Leonard"]
[Black "Oest, Thorsten"]
[Result "0-1"]
[ECO "B90"]
[WhiteElo "1694"]
[BlackElo "1981"]
[Annotator "RC"]
[PlyCount "82"]
[EventDate "2024.01.01"]
[EventType "swiss"]
[EventCountry "GER"]
[SourceTitle "playchess.com"]
[Source "ChessBase"]
[SourceQuality "1"]
[TimeControl "40/5400+30:1800+30"]

1. e4 c5 2. Nf3 d6 3. d4 cxd4 4. Nxd4 Nf6 5. f3 e5 6. Nb3 h5 7. Be2 Be6 8. Nc3 a6 9. Be3 Nbd7 10. Qd2 Be7 11. O-O Rc8 12. Rad1 O-O 13. f4 Ng4 14. Bxg4 Bxg4 15. Rc1 Nb6 16. h3 Nc4 17. Qf2 Nxe3 18. Qxe3 exf4 19. Qa7 Be6 20. Qxb7 Bc4 21. Nd5 Bh4 22. Rxf4 Bxd5 23. Qxd5 Bg5 24. g3 Bxf4 25. gxf4 Qh4 26. Qd3 Qxf4 27. Rf1 Qe5 28. c3 Rce8 29. Nd2 Re6 30. Kh1 g6 31. Qxa6 Qg3 32. Rf3 Qe1+ 33. Nf1 Qxe4 34. Qd3 Qa8 35. a3 Rb8 36. b4 Qxa3 37. Ne3 Qc1+ 38. Kg2 Ra8 39. Nf5 Ra2+ 40. Rf2 Rxf2+ 41. Kxf2 gxf5 0-1